 Dungeon Crawl Stone Soup version 0.30.0-29-ga12c61a403 (webtiles) character file.

Game seed: 12908368458800932302

602 qw the Chopper (level 7, -3/44 HPs)
             Began as a Gargoyle Fighter on June 3, 2023.
             Slain by an orc warrior
             ... wielding a +0 trident
              (10 damage)
             ... on level 5 of the Dungeon.
             The game lasted 00:01:37 (3231 turns).

qw the Chopper (Gargoyle Fighter)                   Turns: 3231, Time: 00:01:38

Health: -3/44      AC: 20    Str: 22    XL:     7   Next: 41%
Magic:  7/7        EV:  6    Int:  8    God:
Gold:   1291       SH:  4    Dex:  9    Spells: 6/6 levels left

rFire   . . .        Y - +0 war axe
rCold   . . .        c - +0 buckler
rNeg    + . .        j - +1 plate armour
rPois   inf          f - +2 helmet
rElec   +            (no cloak)
rCorr   .            (no gloves)
SInv    .            (no boots)
Will    .....        (no amulet) Stlth
                     (no ring)
HPRegen 0.27/turn    (no ring)
MPRegen 0.10/turn

%: no passive effects
@: about to teleport
A: sickness immunity, AC +4, negative energy resistance 1, electricity
resistance, torment resistance 1, petrification resistance
a: no special abilities


You were on level 5 of the Dungeon.
You visited 1 branch of the dungeon, and saw 5 of its levels.

You collected 1403 gold pieces.
You spent 112 gold pieces at shops.


Innate Abilities, Weirdness & Mutations

You are immune to sickness and miasma.
Your stone body is resilient. (AC +4)
You are immune to poison.
You resist negative energy. (rN+)
You are resistant to electric shocks. (rElec)
You are resistant to unholy torment.
You are immune to petrification.


   Skills:
 - Level 5.3 Fighting
 + Level 6.0 Axes
 - Level 4.1 Armour
 - Level 3.2 Shields


You had 6 spell levels left.
You didn't know any spells.
Your spell library was empty.

Inventory:

Hand Weapons
 m - a +0 flail
 Y - a +0 war axe (weapon)
Armour
 c - a +0 buckler (worn)
 f - a +2 helmet (worn)
 j - a +1 plate armour (worn)
Scrolls
 a - a scroll of identify
 h - a scroll of teleportation
Potions
 b - a potion of brilliance {unknown}
 d - 2 potions of might
 e - a potion of attraction
 g - a potion of mutation
 i - a potion of lignification
 k - 2 potions of heal wounds {unknown}
 l - a potion of curing
 n - a potion of flight {unknown}
 r - a potion of berserk rage {unknown}

Dungeon Overview and Level Annotations

Branches:
Dungeon (5/15)
 Temple: D:4-7

Altars:
Xom

Shops:
D:4 ?


Message History

You barely miss the orc warrior. You block the orc warrior's attack.
You hit the orc warrior.
The orc warrior is lightly wounded.
The orc warrior hits you with a +0 trident!
The orc warrior hits you but does no damage.
You hit the orc warrior.
The orc warrior is moderately wounded.
The orc warrior hits you with a +0 trident!
You hit the orc warrior.
The orc warrior is moderately wounded.
The orc warrior hits you but does no damage.
You hit the orc warrior but do no damage.
The orc warrior is moderately wounded.
The orc warrior hits you but does no damage.
You hit the orc warrior.
The orc warrior is heavily wounded.
The orc warrior barely misses you.
The orc warrior hits you with a +0 trident!
You closely miss the orc warrior.
The orc warrior is heavily wounded.
The orc warrior hits you but does no damage.
You slash the orc warrior!
The orc warrior is almost dead.
The orc warrior hits you but does no damage.
You barely miss the orc warrior.
The orc warrior is almost dead.
The orc warrior hits you with a +0 trident.
You barely miss the orc warrior.
The orc warrior is almost dead.
The orc warrior barely misses you.
You closely miss the orc warrior.
The orc warrior is almost dead.
The orc warrior closely misses you.
The orc warrior hits you with a +0 trident.
3231 ||| READING 2 scrolls of teleportation.
As you read the scroll of teleportation, it crumbles to dust.
You feel strangely unstable.
The orc warrior hits you with a +0 trident!
You die...

#......#...# ..
#......#...#
..#####.)....#...#
#......######...##.....
#......#.........+.....
#......+........##.....
#.....)#........##...[.
#......######...##.....
#....>@# #...##.....
#.....o# #..........
#......# #..........
#......' #..........
#......# #..........
######## #...##.....
#########'# #......
#......


You could see an orc warrior.

Vanquished Creatures
  Grinder (D:4)
  Sigmund (D:3)
  An orc priest (D:5)
  An iguana (D:5)
  An orc wizard (D:5)
  6 adders
  A white imp (D:5)
  5 dart slugs
  11 orcs
  9 ball pythons
  5 endoplasms
  3 giant cockroaches
  8 goblins
  6 hobgoblins
  8 kobolds
  2 quokkas (D:2)
  6 bats
  3 frilled lizards (D:2)
  6 rats
84 creatures vanquished.

Notes
Turn   | Place    | Note
-------+----------+-------------------------------------------
     0 | D:1      | qw the Gargoyle Fighter began the quest for the Orb.
     0 | D:1      | Reached XP level 1. HP: 14/14 MP: 1/1
     0 | D:1      | 0 ||| qw: Version: 0.2-a-103-g5a998e5
     0 | D:1      | 0 ||| qw: Game counter: 1124
     0 | D:1      | 0 ||| qw: Always use a shield: true
     0 | D:1      | 0 ||| qw: God list: Okawaru
     0 | D:1      | 0 ||| qw: Allow faded altars: false
     0 | D:1      | 0 ||| qw: Do Orc after D:15 true
     0 | D:1      | 0 ||| qw: Do second Lair branch before Depths: true
     0 | D:1      | 0 ||| qw: Lair rune preference: random
     0 | D:1      | 0 ||| qw: Plans: Normal, Zot:1-4, Slime:5, God:TSO, Crypt,
                  | Tomb, Pan, Hells, Abyss, Win
     0 | D:1      | 0 ||| PLANNING D:1-11
     1 | D:1      | Noticed an electric eel
   103 | D:1      | Reached skill level 2 in Axes
   239 | D:1      | 239 ||| DROPPING +0 club.
   507 | D:1      | Reached XP level 2. HP: 19/19 MP: 2/2
   726 | D:1      | 726 ||| UPGRADING to +0 helmet.
   731 | D:1      | 731 ||| READING scroll labelled ZIULEO KILAE.
   732 | D:1      | 732 ||| READING scroll labelled BIEHYD HOIFE.
   733 | D:1      | 733 ||| READING scroll labelled RISICW LUC CEHI.
   775 | D:2      | 775 ||| Stepping ~*~*~tactically~*~*~ (stealth).
   777 | D:2      | 777 ||| Stepping ~*~*~tactically~*~*~ (stealth).
   795 | D:2      | Reached skill level 3 in Axes
   795 | D:2      | Reached XP level 3. HP: 10/23 MP: 3/3
   876 | D:2      | 876 ||| Stepping ~*~*~tactically~*~*~ (stealth).
   923 | D:2      | 923 ||| Stepping ~*~*~tactically~*~*~ (stealth).
   935 | D:2      | Found a faded altar of an unknown god.
  1008 | D:2      | 1008 ||| Stepping ~*~*~tactically~*~*~ (stealth).
  1051 | D:2      | Reached XP level 4. HP: 20/28 MP: 4/4
  1115 | D:2      | Reached skill level 4 in Axes
  1300 | D:2      | 1300 ||| READING 2 scrolls labelled NOTOGUUSTE.
  1305 | D:2      | 1305 ||| READING scroll labelled QUTRYKHL CIUSY.
  1306 | D:2      | 1306 ||| READING 2 scrolls of identify.
  1306 | D:2      | 1306 ||| IDENTIFYING white potion
  1343 | D:3      | Identified the +0 robe "Hydepnas" {rN+}
  1347 | D:3      | Found a shimmering altar of Xom.
  1356 | D:3      | 1356 ||| Stepping ~*~*~tactically~*~*~ (stealth).
  1485 | D:3      | 1485 ||| Stepping ~*~*~tactically~*~*~ (stealth).
  1487 | D:3      | 1487 ||| Stepping ~*~*~tactically~*~*~ (stealth).
  1539 | D:3      | 1539 ||| DROPPING +0 mace.
  1557 | D:3      | 1557 ||| Stepping ~*~*~tactically~*~*~ (stealth).
  1770 | D:3      | 1770 ||| Stepping ~*~*~tactically~*~*~ (hiding).
  1784 | D:3      | 1784 ||| Stepping ~*~*~tactically~*~*~ (hiding).
  1789 | D:3      | Reached XP level 5. HP: 32/32 MP: 5/5
  2012 | D:3      | Noticed Sigmund
  2014 | D:3      | 2014 ||| FLEEEEING.
  2015 | D:3      | 2015 ||| FLEEEEING.
  2016 | D:3      | 2016 ||| FLEEEEING.
  2017 | D:3      | 2017 ||| FLEEEEING.
  2018 | D:3      | 2018 ||| FLEEEEING.
  2019 | D:3      | 2019 ||| FLEEEEING.
  2020 | D:3      | 2020 ||| FLEEEEING.
  2021 | D:3      | 2021 ||| FLEEEEING.
  2027 | D:3      | 2027 ||| FLEEEEING.
  2028 | D:3      | 2028 ||| FLEEEEING.
  2029 | D:3      | 2029 ||| FLEEEEING.
  2035 | D:3      | 2035 ||| Stepping ~*~*~tactically~*~*~ (hiding).
  2036 | D:3      | 2036 ||| Stepping ~*~*~tactically~*~*~ (hiding).
  2055 | D:3      | HP: 8/32 [Sigmund/+0 scythe (2)]
  2056 | D:3      | 2056 ||| READING 2 scrolls of teleportation.
  2057 | D:3      | Killed Sigmund
  2058 | D:3      | Reached skill level 5 in Axes
  2058 | D:3      | Reached XP level 6. HP: 6/37 MP: 6/6
  2061 | D:3      | 2061 ||| READING scroll of teleportation.
  2270 | D:3      | 2270 ||| UPGRADING to +0 chain mail.
  2280 | D:3      | 2280 ||| DROPPING +0 scale mail.
  2281 | D:3      | 2281 ||| READING scroll labelled YTOZOD AZEVVU.
  2282 | D:3      | 2282 ||| READING 2 scrolls labelled YMUREU BUYWK.
  2283 | D:3      | 2283 ||| READING 2 scrolls of identify.
  2283 | D:3      | 2283 ||| IDENTIFYING glowing yellow potion
  2284 | D:3      | 2284 ||| DROPPING scroll of magic mapping.
  2460 | D:4      | Noticed Grinder
  2466 | D:4      | Paralysed by Grinder for 2 turns
  2470 | D:4      | Killed Grinder
  2471 | D:4      | Reached XP level 7. HP: 44/44 MP: 7/7
  2513 | D:4      | Found Cuocis's Magic Scroll Emporium.
  2534 | D:4      | 2534 ||| BUYING scroll of identify (28 gold).
  2534 | D:4      | Bought a scroll of identify for 28 gold pieces
  2534 | D:4      | 2534 ||| BUYING scroll of teleportation (42 gold).
  2534 | D:4      | Bought a scroll of teleportation for 42 gold pieces
  2534 | D:4      | 2534 ||| BUYING scroll of teleportation (42 gold).
  2534 | D:4      | Bought a scroll of teleportation for 42 gold pieces
  2633 | D:4      | 2633 ||| READING 3 scrolls of enchant armour.
  2633 | D:4      | 2633 ||| ENCHANTING +0 helmet.
  2634 | D:4      | 2634 ||| READING 2 scrolls of enchant armour.
  2634 | D:4      | 2634 ||| ENCHANTING +1 helmet.
  2966 | D:4      | 2966 ||| UPGRADING to +0 plate armour.
  2976 | D:4      | 2976 ||| DROPPING +0 chain mail.
  2977 | D:4      | 2977 ||| READING scroll of enchant armour.
  2977 | D:4      | 2977 ||| ENCHANTING +0 plate armour.
  2978 | D:4      | 2978 ||| READING scroll labelled BAME QOBEAMU.
  2978 | D:4      | Identified a scroll of acquirement
  2978 | D:4      | 2978 ||| ACQUIRING 1084 gold pieces
  2978 | D:4      | Acquired 1084 gold pieces
  2980 | D:4      | 2980 ||| READING scroll labelled ZOTEOGGYEJA.
  2981 | D:4      | 2981 ||| DRINKING 2 fuming red potions.
  2982 | D:4      | 2982 ||| READING 2 scrolls of identify.
  2982 | D:4      | 2982 ||| IDENTIFYING glowing white potion
  3003 | D:5      | Entered Level 5 of the Dungeon
  3048 | D:5      | 3048 ||| FLEEEEING.
  3053 | D:5      | 3053 ||| Stepping ~*~*~tactically~*~*~ (hiding).
  3069 | D:5      | Reached skill level 6 in Axes
  3184 | D:5      | 3184 ||| Stepping ~*~*~tactically~*~*~ (stealth).
  3185 | D:5      | 3185 ||| Stepping ~*~*~tactically~*~*~ (stealth).
  3188 | D:5      | 3188 ||| Stepping ~*~*~tactically~*~*~ (stealth).
  3190 | D:5      | 3190 ||| Stepping ~*~*~tactically~*~*~ (hiding).
  3202 | D:5      | 3202 ||| DROPPING +1 whip of venom.
  3230 | D:5      | HP: 7/44 [orc warrior/+0 trident (6)]
  3231 | D:5      | 3231 ||| READING 2 scrolls of teleportation.
  3231 | D:5      | Slain by an orc warrior

Levels and vault maps discovered:
D:1:      arrival_aquarium_a, layout_basic
D:2:      layout_basic, shapermc_ecumenical_altar_mp_urbaneastern,
          minmay_distorted
D:3:      layout_loops_ring, overflow_temple_1_default, uniq_sigmund
D:4:      layout_basic, serial_shops, shop_coins, minmay_tree_intersection,
          uniq_grinder
D:5:      layout_gridville, mainiacjoe_overflow_catwalk, serial_shops,
          nicolae_shop_crystal

Skill      XL: |  1  2  3  4  5  6  7 |
---------------+----------------------+-----
Axes           | 2 3 4 5 6 |  6.0
Fighting       | 5 |  5.3
Armour         | 4 |  4.1
Shields        | |  3.2

Action                     |  1- 3 |  4- 6 |  7- 9 || total
---------------------------+-------+-------+-------++-------
  Melee: War axe           |    81 |    98 |    59 ||   238
    Use: Scroll            |     3 |     8 |     7 ||    18
         Potion            |       |       |     1 ||     1
 Armour: Scale mail        |    69 |    37 |       ||   106
         Chain mail        |       |     4 |     8 ||    12
         Plate armour      |       |       |    20 ||    20
  Dodge: Dodged            |    60 |    48 |    16 ||   124
  Block: Buckler           |    22 |    12 |     5 ||    39

Table legend:
 A = Non-vault XP
 B = Vault XP
 C = Vault XP percentage of total XP
 D = Non-vault monster count
 E = Vault monster count
 F = Vault count percentage of total count
                 A         B        C        D         E       F
            +---------+---------+-------+---------+---------+-------
      Total |     333 |     527 |  61.3 |      79 |       5 |   6.0
            +---------+---------+-------+---------+---------+-------
        D:1 |      12 |       0 |   0.0 |       8 |       0 |   0.0
        D:2 |      93 |      15 |  13.9 |      26 |       3 |  10.3
        D:3 |      51 |     226 |  81.6 |      24 |       1 |   4.0
        D:4 |      31 |     286 |  90.2 |      14 |       1 |   6.7
        D:5 |     146 |       0 |   0.0 |       7 |       0 |   0.0
            +---------+---------+-------+---------+---------+-------
